 Dungeon Crawl Stone Soup version 0.20.1-1-g8b1a95d (console) character file.

560 hilaritas the Chiller (level 7, 0/36 HPs)
             Began as a Deep Elf Ice Elementalist on Sept 8, 2017.
             Killed by nerve-wracking pain
             ... invoked by Grinder
              (6 damage)
             ... on level 4 of the Dungeon.
             The game lasted 00:10:36 (5409 turns).

hilaritas the Chiller (Deep Elf Ice Elementalist)   Turns: 5409, Time: 00:10:37

Health: 0/36       AC:  9    Str: 12    XL:     7   Next: 9%
Magic:  7/18       EV: 13    Int: 20    God:
Gold:   194        SH:  0    Dex: 15    Spells: 5/19 levels left

rFire    + + .     SeeInvis .   h - +1 short sword
rCold    + . .     Gourm    .   (no shield)
rNeg     . . .     Faith    .   a - +0 robe
rPois    +         Spirit   .   (no helmet)
rElec    +         Reflect  .   (no cloak)
rCorr    +         Harm     .   i - +0 pair of gloves
MR       .....                  (no boots)
Stlth    ++........             (no amulet)
Regen    0.2/turn               e - ring of protection from fire
MPRegen  0.2/turn               y - ring of poison resistance

@: mighty, icy armour, resistant, slow
A: no striking features
a: no special abilities


You were on level 4 of the Dungeon.
You were hungry.

You visited 1 branch of the dungeon, and saw 4 of its levels.

You collected 194 gold pieces.

Inventory:

Hand Weapons
 h - a +1 short sword (weapon)
Missiles
 d - 66 arrows
 f - 94 stones (quivered)
Armour
 a - a +0 robe (worn)
 i - a +0 pair of gloves (worn)
 t - a +2 leather armour of positive energy
Jewellery
 e - a ring of protection from fire (left hand)
 u - an uncursed ring of positive energy {unknown}
 y - a ring of poison resistance (right hand)
Scrolls
 j - 2 scrolls of remove curse
 l - 7 scrolls of identify
 s - 2 scrolls of magic mapping
 v - a scroll of amnesia
Potions
 g - 2 potions of curing
 k - a potion of haste {unknown}
 n - a potion of resistance
 o - a potion of might
 q - 2 potions of berserk rage {unknown}
 x - a potion of flight {unknown}
 z - a potion of brilliance {unknown}
Books
 b - a book of Frost

   Spells                             Type                      Level
   a - Freeze                         Ice                          1
   b - Throw Frost                    Conjuration/Ice              2
   c - Ozocubu's Armour               Charms/Ice                   3
   d - Throw Icicle                   Conjuration/Ice              4
   e - Summon Ice Beast               Ice/Summoning                4
Comestibles
 c - 3 bread rations
 m - 4 meat rations
 r - 3 royal jellies


   Skills:
 - Level 2.4 Dodging
 - Level 2.4 Stealth
 - Level 6.5 Spellcasting
 * Level 3.4 Conjurations
 + Level 6.6 Ice Magic


You had 5 spell levels left.
You knew the following spells:

 Your Spells              Type           Power        Failure   Level  Hunger
a - Freeze                Ice            ####         1%          1    None
b - Throw Frost           Conj/Ice       ####..       1%          2    None
c - Ozocubu's Armour      Chrm/Ice       ###.....     8%          3    #......
d - Throw Icicle          Conj/Ice       ####....     12%         4    ###....
e - Summon Ice Beast      Ice/Summ       ###.....     26%         4    ###....


Dungeon Overview and Level Annotations

Branches:
Dungeon (4/15)
 Temple: D:4-7

Altars:
Cheibriados
Elyvilon
Ru

Annotations:
D:4 Grinder


Message History

Aim: Grinder (lightly wounded)
You freeze Grinder.
Grinder resists.
Grinder is lightly wounded.
Grinder hits you but does no damage.
Casting: Freeze
Confirm with . or Enter, or press ? or * to list all spells.
Okay, then.
It was a potion of resistance.
You feel protected. Grinder hits you.
* * * LOW HITPOINT WARNING * * *
It was a potion of might.
You feel very mighty all of a sudden. Grinder hits you.
* * * LOW HITPOINT WARNING * * *
You closely miss Grinder.
Grinder is lightly wounded.
Grinder gestures at you. Pain shoots through your body!
You die...

################***************
....#....#.....#,,,+,,,,*,,,,,*
....#....'.....#,,,*,,,,*,,,,,*
##########..##.#**,#**,,**,*,,*
##########..##.###.###*+**,****
...#........#...@5$..#,,,,,,*
...'........#....<...#,,,,>,*
...#.>......#...##..##,,,,,**
...#........#...#*####******
...#........#...+,,..#
..##..#####'##+##*...#
)###..##....##..##...#
)).#...+.............#
...#...#.............#
...#...#.............#
...#...#............>#


You could see Grinder.

Vanquished Creatures
  An ogre (D:4)
  3 scorpions (D:4)
  2 hounds (D:4)
  2 orc wizards
  An orc priest (D:4)
  7 adders
  3 oozes
  An adder skeleton (D:4)
  2 worms
  A dart slug (D:3)
  2 leopard geckos (D:2)
  20 orcs
  A giant cockroach (D:4)
  4 goblins
  5 hobgoblins
  3 quokkas
  A ball python (D:1)
  7 bats
  2 frilled lizards
  12 kobolds
  A quokka skeleton (D:4)
  4 rats
85 creatures vanquished.

Notes
Turn   | Place    | Note
-------+----------+-------------------------------------------
     0 | D:1      | hilaritas the Deep Elf Ice Elementalist began the quest for the Orb.
     0 | D:1      | Reached XP level 1. HP: 10/10 MP: 6/6
   764 | D:1      | Reached XP level 2. HP: 15/15 MP: 6/8
   787 | D:1      | Learned a level 2 spell: Throw Frost
  1523 | D:2      | Reached XP level 3. HP: 19/19 MP: 4/9
  1528 | D:2      | Learned a level 3 spell: Ozocubu's Armour
  1604 | D:2      | Found a sacrificial altar of Ru.
  1607 | D:2      | Found a snail-covered altar of Cheibriados.
  1610 | D:2      | Found a white marble altar of Elyvilon.
  1711 | D:2      | Reached skill level 5 in Ice Magic
  2041 | D:2      | Reached XP level 4. HP: 13/24 MP: 5/10
  2806 | D:3      | Learned a level 4 spell: Throw Icicle
  3540 | D:3      | Reached XP level 5. HP: 24/28 MP: 8/14
  3547 | D:3      | Reached skill level 5 in Spellcasting
  3620 | D:3      | Learned a level 4 spell: Summon Ice Beast
  3894 | D:4      | Noticed an ogre
  3906 | D:4      | Killed an ogre
  4339 | D:4      | Reached XP level 6. HP: 25/32 MP: 13/17
  5217 | D:4      | Reached XP level 7. HP: 36/36 MP: 9/18
  5397 | D:4      | Noticed Grinder
  5409 | D:4      | Killed from afar by Grinder

Skill      XL: |  1  2  3  4  5  6 |
---------------+-------------------+-----
Ice Magic      | 4 5 6 |  6.6
Conjurations   | 2 3 |  3.4
Spellcasting   | 4 6 |  6.5
Dodging        | |  2.4
Stealth        | |  2.4

Action                   |  1- 3 |  4- 6 |  7- 9 || total
-------------------------+-------+-------+-------++-------
Melee: Short sword       |     1 |     4 |     8 ||    13
 Cast: Freeze            |    53 |    98 |     6 ||   157
       Throw Frost       |       |    15 |     2 ||    17
       Ozocubu's Armour  |       |     3 |     1 ||     4
       Throw Icicle      |       |       |     1 ||     1
  Use: Scroll            |       |     8 |       ||     8
       Potion            |       |     1 |     2 ||     3
  Eat: Chunk             |     3 |    10 |       ||    13
Armor: Robe              |     7 |    14 |     2 ||    23
Dodge: Dodged            |    33 |    43 |     5 ||    81
